 Dungeon Crawl Stone Soup version 0.30.1-3-gfc49f6343a (webtiles) character file.

Game seed: 9634223552293612852

920 Heoruswealwe the Thaumaturge (level 7, -14/36 HPs)
             Began as a Deep Elf Conjurer on Aug 1, 2023.
             Demolished by a yak (15 damage)
             ... on level 6 of the Dungeon.
             The game lasted 00:45:52 (4842 turns).

Heoruswealwe the Thaumaturge (Deep Elf Conjurer)    Turns: 4842, Time: 00:45:52

Health: -14/36     AC:  3    Str: 10    XL:     7   Next: 83%
Magic:  10/21      EV: 12    Int: 25    God:
Gold:   377        SH:  0    Dex: 13    Spells: 1/23 levels left

rFire   . . .        (no weapon)
rCold   . . .        (no shield)
rNeg    + . .        c - +0 robe
rPois   .            (no helmet)
rElec   .            (no cloak)
rCorr   .            (no gloves)
SInv    .            e - +0 pair of boots
Will    .....        (no amulet)
Stlth   ++           k - +6 ring of strength
HPRegen 0.26/turn    j - ring of positive energy
MPRegen 0.17/turn

%: no passive effects
@: very slightly contaminated
A: no striking features
a: no special abilities


You were on level 6 of the Dungeon.
You visited 1 branch of the dungeon, and saw 6 of its levels.

You collected 377 gold pieces.

Inventory:

Hand Weapons
 b - a +0 battleaxe
Armour
 c - a +0 robe (worn)
 e - a +0 pair of boots (worn)
 f - a +0 robe
 r - a +0 robe
 v - a +0 robe
 y - a +0 robe
Jewellery
 j - a ring of positive energy (right hand)
 k - a +6 ring of strength (left hand)
Scrolls
 h - a scroll of immolation
 m - 2 scrolls of fog
 n - a scroll of summoning
 o - 2 scrolls of amnesia
 q - 2 scrolls of teleportation {unknown}
 w - 4 scrolls of poison
Potions
 a - a potion of might {unknown}
 d - 2 potions of flight {unknown}
 g - a potion of invisibility {unknown}
 l - a potion of mutation {unknown}
 p - a potion of degeneration {unknown}
 s - 3 potions of resistance {unknown}
 t - a potion of lignification {unknown}
 u - a potion of attraction {unknown}
 x - 2 potions of berserk rage {unknown}


   Skills:
 - Level 2.4 Dodging
 - Level 2.4 Stealth
 + Level 8.8 Spellcasting
 + Level 8.3 Conjurations


You had one spell level left.
You knew the following spells:

 Your Spells              Type           Power      Damage    Failure   Level
a - Magic Dart            Conj           100%       1d8       1%          1
b - Searing Ray           Conj           100%       2d8       1%          2
c - Dazzling Flash        Conj/Hex       62%        N/A       3%          3
d - Mephitic Cloud        Conj/Pois/Air  24%        N/A       5%          3
e - Fulminant Prism       Conj/Hex       15%        3d11      10%         4
f - Iskenderun's Mystic   Conj/Tloc      31%        2d8       10%         4
g - Freezing Cloud        Conj/Ice/Air   12%        6-21      45%         5

Your spell library contained the following spells:

 Spells                   Type           Power      Damage    Failure   Level
 Call Imp                 Summ           22%        N/A       9%          2
 Poisonous Vapours        Pois/Air       22%        N/A       9%          2


Dungeon Overview and Level Annotations

Branches:
Dungeon (6/15)
 Temple: D:4-7

Altars:
Cheibriados
Dithmenos
Elyvilon
Fedhas
Hepliaklqana
Trog
Zin


Message History

The blast of energy engulfs the yak.
The yak is lightly wounded.
The blast of energy engulfs the yak!
The yak is moderately wounded.
The blast of energy engulfs the yak!
The yak is moderately wounded.
It was a potion of curing.
You feel better. The yak gores you!
You feel better. The yak gores you!
You feel better. The yak gores you but does no damage.
You feel better. The yak gores you! The yak gores you. The yak gores you!
* * * LOW HITPOINT WARNING * * *
The yak closely misses you.
Casting: Fulminant Prism (quite dangerous; 10% risk of failure)
Confirm with . or Enter, or press ? or * to list all spells.
The spell is quite dangerous to miscast (10% risk of failure)!
Continue anyway?
You erupt in a blast of force!
The mystic blast hits the yak!
The yak is severely wounded.
The yak is knocked back by the mystic blast.
The mystic blast hits the yak.
The yak is lightly wounded.
The yak is knocked back by the mystic blast.
The yak collides with the yak!
The yak is lightly wounded. x2
The mystic blast hits the yak!
The yak is severely wounded.
The yak is knocked back by the mystic blast.
The yak collides with the yak!
The yak is moderately wounded.
The yak is severely wounded.
The mystic blast hits the yak.
The yak is lightly wounded.
The yak is knocked back by the mystic blast.
The yak slams into the rock wall!
The yak is moderately wounded.
The mystic blast hits the yak!
The yak is moderately wounded.
The yak is knocked back by the mystic blast.
The yak slams into the rock wall!
The yak gores you!
You die...

### #.#
#.##############
#..............#
#.########.##..#
#.#........##..#
#.#.#######.#Y@#
#...........#YY#
######.######.#YY#
..# #.........#Y.#
..# #..###..#.#..#
..# #...#.....#..#
### #...#...#.#..#
.# #.........#..#
_####...#.....#..#


You could see 6 yaks.

Vanquished Creatures
  A water moccasin (D:6)
  An ice beast (D:5)
  A sky beast (D:6)
  A phantom (D:6)
  A scorpion (D:5)
  3 killer bees (D:5)
  A gnoll bouda (D:6)
  A jelly (D:6)
  3 iguanas
  2 orc wizards (D:5)
  4 gnolls (D:6)
  3 adders
  A shadow imp (D:6)
  A white imp (D:6)
  An ufetubus (D:3)
  A worm (D:4)
  3 dart slugs
  13 orcs
  6 ball pythons
  3 endoplasms
  3 giant cockroaches
  6 goblins
  3 hobgoblins (D:1)
  3 jackals (D:1)
  6 quokkas
  5 bats
  A frilled lizard (D:2)
  7 kobolds
  4 rats
89 creatures vanquished.

Vanquished Creatures (others)
  A fulminant prism (D:6)
1 creature vanquished.

Grand Total: 90 creatures vanquished

Notes
Turn   | Place    | Note
-------+----------+-------------------------------------------
     0 | D:1      | Heoruswealwe the Deep Elf Conjurer began the quest for the
                  | Orb.
     0 | D:1      | Reached XP level 1. HP: 10/10 MP: 6/6
   200 | D:1      | Reached XP level 2. HP: 15/15 MP: 4/8
   206 | D:1      | Learned a level 2 spell: Searing Ray
   557 | D:1      | Reached skill level 5 in Conjurations
   557 | D:1      | Reached XP level 3. HP: 19/19 MP: 7/10
   561 | D:1      | Learned a level 3 spell: Dazzling Flash
   876 | D:2      | Found a faded altar of an unknown god.
  1018 | D:2      | Learned a level 3 spell: Mephitic Cloud
  2269 | D:3      | Reached XP level 4. HP: 24/24 MP: 7/12
  2609 | D:2      | You fall into a shaft and drop 2 floors!
  2754 | D:4      | Reached skill level 5 in Spellcasting
  2759 | D:4      | Learned a level 4 spell: Fulminant Prism
  2824 | D:4      | Found a blossoming altar of Fedhas.
  2986 | D:4      | Found a hazy altar of Hepliaklqana.
  2986 | D:4      | Found a bloodstained altar of Trog.
  3031 | D:4      | Reached XP level 5. HP: 25/28 MP: 7/14
  3202 | D:5      | Entered Level 5 of the Dungeon
  3211 | D:5      | Noticed an ice beast
  3216 | D:5      | Killed an ice beast
  3261 | D:5      | Reached XP level 6. HP: 32/32 MP: 10/17
  3481 | D:5      | Found a white marble altar of Elyvilon.
  3584 | D:5      | Found a snail-covered altar of Cheibriados.
  3814 | D:5      | Learned a level 4 spell: Iskenderun's Mystic Blast
  4141 | D:6      | Reached XP level 7. HP: 27/36 MP: 11/20
  4196 | D:6      | Learned a level 5 spell: Freezing Cloud
  4363 | D:6      | Found a glowing silver altar of Zin.
  4403 | D:6      | Found a shadowy altar of Dithmenos.
  4830 | D:6      | Noticed a yak
  4831 | D:6      | Noticed a yak
  4831 | D:6      | Noticed a yak
  4832 | D:6      | Noticed a yak
  4832 | D:6      | Noticed a yak
  4832 | D:6      | Noticed a yak
  4841 | D:6      | HP: 1/36 [yak (13)]
  4842 | D:6      | Demolished by a yak

Illustrated notes

Levels and vault maps discovered:
D:1:      dpeg_arrival_rooms_a, layout_loops_ring
D:2:      layout_loops_corners, basic_ecumenical_altar, dreamdust_wishing_well
D:3:      layout_loops_corners
D:4:      layout_rooms, fedhas_ov_isle_minmay, nicolae_overflow_two_pavilions
D:5:      layout_gridville, mainiacjoe_overflow_small_starburst,
          amcnicky_altar_gilded
D:6:      layout_basic, kennysheep_mini, grunt_dithmenos_shadows,
          minmay_temple_entry_enclosed_plants, grunt_decor_resistance

Skill      XL: |  1  2  3  4  5  6  7 |
---------------+----------------------+-----
Spellcasting   | 4 5 6 7 8 |  8.8
Conjurations   | 5 6 7 8 |  8.3
Dodging        | |  2.4
Stealth        | |  2.4

Action                     |  1- 3 |  4- 6 |  7- 9 || total
---------------------------+-------+-------+-------++-------
  Melee: Unarmed           |     3 |     4 |       ||     7
   Cast: Magic Dart        |    76 |    47 |    16 ||   139
         Searing Ray       |     1 |    12 |     9 ||    22
         Iskenderun's Myst |       |     2 |     2 ||     4
         Fulminant Prism   |       |       |     1 ||     1
    Use: Scroll            |       |     7 |       ||     7
         Potion            |       |     1 |     4 ||     5
 Armour: Robe              |     3 |     4 |     2 ||     9
  Dodge: Dodged            |     8 |    15 |     7 ||    30
